 Dungeon Crawl Stone Soup version 0.27.1-2-g3b301248ec (webtiles) character file.

Game seed: 12771498235745351983

72 BobTheBalder the Skirmisher (level 4, -5/41 HPs)
             Began as a Hill Orc Abyssal Knight on Sept 28, 2021.
             Was a Believer of Lugonu.
             Killed by divine providence
             ... invoked by an orc priest
              (12 damage)
             ... on level 3 of the Dungeon.
             The game lasted 00:09:04 (2676 turns).

BobTheBalder the Skirmisher (HOAK)                  Turns: 2676, Time: 00:09:05

Health: -5/41      AC: 14    Str: 15    XL:     4   Next: 26%
Magic:  6/6        EV:  4    Int: 12    God:    Lugonu [**....]
Gold:   98         SH:  0    Dex: 10    Spells: 3/3 levels left

rFire    + . .     SeeInvis .   a - +1 hand axe
rCold    . . .     Faith    .   (no shield)
rNeg     . . .     Spirit   .   n - +0 plate armour
rPois    .         Reflect  .   g - +0 helmet
rElec    .         Harm     .   (no cloak)
rCorr    .         Rampage  .   (no gloves)
Will     .....                  s - +1 pair of boots
Stlth    ..........             (no amulet)
HPRegen  0.13/turn              d - ring of protection from fire
MPRegen  0.10/turn              (no ring)

@: no status effects
A: no striking features
a: Renounce Religion, Convert to Beogh, Depart the Abyss, Bend Space


You were on level 3 of the Dungeon.
You worshipped Lugonu.
Lugonu was pleased with you.
You visited 1 branch of the dungeon, and saw 3 of its levels.
You visited the Abyss 1 time.

You collected 98 gold pieces.

Inventory:

Hand Weapons
 a - a +1 hand axe (weapon)
Missiles
 e - 39 bolts
 k - 12 stones
 p - 11 arrows
Armour
 g - a +0 helmet (worn)
 n - a +0 plate armour (worn)
 s - a +1 pair of boots (worn)
Jewellery
 d - a ring of protection from fire (left hand)
Scrolls
 b - a scroll of teleportation {unknown}
 j - a scroll of enchant armour {unknown}
 m - a scroll of identify {unknown}
 r - a scroll of noise {unknown}
Potions
 c - a potion of magic {unknown}
 f - a potion of heal wounds {unknown}
 i - a potion of lignification {unknown}
 l - 2 potions of cancellation {unknown}
 o - a potion of berserk rage {unknown}
 q - a potion of flight {unknown}


   Skills:
 * Level 4.3 Fighting
 * Level 3.8 Axes
 + Level 2.7 Armour
 + Level 1.2 Dodging
 + Level 3.2 Invocations


You had 3 spell levels left.
You didn't know any spells.
Your spell library contained the following spells:

 Spells                   Type           Power      Damage    Failure   Level
 Sandblast                Erth           0%         2d4       100%        1
 Passwall                 Tmut/Erth      0%         N/A       100%        2
 Lee's Rapid Deconstruct  Erth           0%         3d5*      100%        5


Dungeon Overview and Level Annotations

Branches:
Dungeon (3/15)

Altars:


Message History

You barely miss the kobold.
The kobold is moderately wounded.
The orc priest calls down the wrath of Beogh upon you.
Beogh smites you! The kobold hits you but does no damage.
You closely miss the kobold.
The kobold is moderately wounded.
The kobold barely misses you.
You completely miss the kobold.
The kobold is moderately wounded.
The kobold completely misses you.
The orc priest calls down the wrath of Beogh upon you.
Beogh smites you!
* * * LOW HITPOINT WARNING * * *
The kobold hits you but does no damage.
You hit the kobold.
You kill the kobold!
Lugonu accepts your kill.
You can now bend space around yourself.
You barely miss the orc priest.
The orc priest shouts, "Surrender to Beogh and we'll let you live!"
The orc priest hits you but does no damage.
You hit the orc priest.
The orc priest is heavily wounded.
The orc priest hits you but does no damage.
You hit the orc priest.
The orc priest is severely wounded.
The orc priest hits you with a +0 short sword.
* * * LOW HITPOINT WARNING * * *
You hit the orc priest.
The orc priest is almost dead.
The orc priest shouts, "Beogh is our master!
Accept the truth or die!"
The orc priest hits you with a +0 short sword.
* * * LOW HITPOINT WARNING * * *
You hit the orc priest but do no damage.
The orc priest is almost dead.
The orc priest hits you but does no damage.
You hit the orc priest.
The orc priest is almost dead.
The orc priest mumbles some strange prayers to Beogh against you.
Beogh smites you!
You die...

#####.##### #.....K...#
#+# # #.###.###.# #.# #
#.# #.# #.# #
#.###o###.##
#..........##
#####.#)....##
#.#######.##.....#
#......@o.###.##.#######
########### ####...†....
#########


You could see an orc priest.

Vanquished Creatures
  2 adders (D:2)
  A dart slug (D:2)
  5 ball pythons
  4 endoplasms
  A giant cockroach (D:1)
  8 goblins
  4 hobgoblins
  A jackal (D:2)
  A quokka (D:1)
  3 bats (D:2)
  6 frilled lizards
  9 kobolds
  5 rats
50 creatures vanquished.

Notes
Turn   | Place    | Note
-------+----------+-------------------------------------------
     0 | Abyss:1  | BobTheBalder the Hill Orc Abyssal Knight began the quest
                  | for the Orb.
     0 | Abyss:1  | Reached XP level 1. HP: 19/19 MP: 2/2
    51 | Abyss:1  | Found a corrupted altar of Lugonu.
    77 | Abyss:1  | Found a corrupted altar of Lugonu.
   146 | Abyss:1  | Noticed a large abomination
   147 | D:1      | Escaped the Abyss
   331 | D:1      | Reached skill level 1 in Dodging
   331 | D:1      | Reached XP level 2. HP: 20/27 MP: 3/3
   583 | D:1      | Reached * piety under Lugonu
   984 | D:1      | Reached skill level 4 in Fighting
  1195 | D:1      | Reached XP level 3. HP: 28/33 MP: 5/5
  1933 | D:2      | Reached XP level 4. HP: 33/41 MP: 6/6
  2670 | D:3      | Reached ** piety under Lugonu
  2676 | D:3      | Killed from afar by an orc priest

Illustrated notes

Levels and vault maps discovered:
D:1:      ncdulo_halloftheorcs, layout_basic, kennysheep_minor_cross
D:2:      layout_basic
D:3:      layout_loops_corners, palyth_temple_overflow_mages,
          mainiacjoe_overflow_chevrons, dreamdust_ecumenical_altar_sealed_demon,
          minmay_misc_feat_x

Skill      XL: |  1  2  3 |
---------------+----------+-----
Dodging        | 1 |  1.2
Axes           | 3 |  3.8
Fighting       | 4 |  4.3
Invocations    | 3 |  3.2
Armour         | |  2.7

Action                   |  1- 3 |  4- 6 || total
-------------------------+-------+-------++-------
Melee: Hand axe          |   111 |    55 ||   166
Invok: Depart the Abyss  |     1 |       ||     1
Armor: Leather armour    |    19 |       ||    19
       Plate armour      |    21 |    37 ||    58
Dodge: Dodged            |    44 |    11 ||    55
